cohdb
Replays
Latest Replays
All Replays
Popular Replays
Top Player Replays
Match Explorer
How It Works
Community
CoH3 Stats
Reddit
Sign in to upload your games and track your stats! →
Sign in with Steam
Match 35141938
Unlisted
Match 35141938
Overview
Messages
Build Orders
End
Construct Section Command Post
Vickers Machine Gun Team
Infantry Section
Infantry Section
ML 3-inch Mortar Team
Selects Air and Sea Battlegroup
Infantry Section
Selects Supply Surplus
Construct Field Infirmary
Construct Platoon Command Post
Forward Retreat Point
Unlock Bishop Self-propelled Artillery
Bishop Self-propelled Artillery
6-pounder Anti-tank Gun Team
Construct Company Command Post
Roy of the Rovers
Sweaty Hog
FNG
FOVR
Dukuza
s73r01d
dizmo661
VANGUARD
0
0
Comments
sign in to comment!
No comments posted yet!